 Dungeon Crawl Stone Soup version 0.22-a0-160-gcc81d7a (webtiles) character file.

112 Borgoz the Chopper (level 4, -10/41 HPs)
             Began as a Hill Orc Abyssal Knight on Feb 10, 2018.
             Was a Believer of Lugonu.
             Killed from afar by a steam dragon (20 damage)
             ... with a ball of steam
             ... on level 3 of the Dungeon.
             The game lasted 00:05:03 (3042 turns).

Borgoz the Chopper (Hill Orc Abyssal Knight)        Turns: 3042, Time: 00:05:03

Health: -10/41     AC:  4    Str: 17    XL:     4   Next: 95%
Magic:  5/5        EV: 11    Int: 10    God:    Lugonu [**....]
Gold:   299        SH:  0    Dex: 11    Spells: 3/3 levels left

rFire    . . .     SeeInvis .   a - +1 hand axe
rCold    . . .     Gourm    .   (no shield)
rNeg     . . .     Faith    .   b - +1 leather armour
rPois    .         Spirit   .   (no helmet)
rElec    .         Reflect  .   (no cloak)
rCorr    .         Harm     .   (no gloves)
MR       .....                  (no boots)
Stlth    +.........             (no amulet)
HPRegen  0.13/turn              d - +3 ring of strength
MPRegen  0.09/turn              f - ring of wizardry

@: no status effects
A: dopey 1
a: Depart the Abyss, Bend Space, Renounce Religion


You were on level 3 of the Dungeon.
You worshipped Lugonu.
Lugonu was pleased with you.
You were not hungry.

You visited 1 branch of the dungeon, and saw 3 of its levels.
You visited the Abyss 1 time.

You collected 299 gold pieces.

Inventory:

Hand Weapons
 a - a +1 hand axe (weapon)
Armour
 b - a +1 leather armour (worn)
Jewellery
 d - a +3 ring of strength (left hand)
 f - a ring of wizardry (right hand)
 n - an uncursed ring of flight
 q - an uncursed amulet of faith {unknown}
Wands
 g - a wand of digging (10)
Potions
 e - 2 potions of degeneration
 h - 2 potions of haste {unknown}
 i - a potion of lignification {unknown}
 j - a potion of resistance {unknown}
 k - a potion of might {unknown}
 l - 2 potions of curing
 m - 2 potions of heal wounds
Books
 o - a book of the Dragon

   Spells                             Type                      Level
   a - Flame Tongue                   Conjuration/Fire             1
   b - Cause Fear                     Hexes                        4
   c - Bolt of Fire                   Conjuration/Fire             6
   d - Dragon Form                    Transmutation                7
   e - Dragon's Call                  Summoning                    9
Comestibles
 c - 6 rations


   Skills:
 + Level 4.4 Fighting
 + Level 4.6 Axes
 + Level 3.2 Armour
 + Level 1.4 Dodging
 + Level 2.5 Invocations


You had 3 spell levels left.
You didn't know any spells.

Dungeon Overview and Level Annotations

Branches:
Dungeon (3/15)

Altars:

Annotations:
D:3 Borgoz's ghost, amateur HOAK


Innate Abilities, Weirdness & Mutations

You are dopey. (Int -2)


Message History

You are engulfed in a cloud of scalding steam.
The steam dragon closely misses you. The steam dragon barely misses you.
The steam dragon closely misses you. The steam dragon barely misses you.
You barely miss the steam dragon.
The steam dragon is moderately wounded.
You are engulfed in a cloud of scalding steam.
A kobold opens the door.
The steam dragon closely misses you.
The steam dragon claws you but does no damage.
The kobold shouts!
You hit the steam dragon.
The steam dragon is moderately wounded.
The steam dragon bites you. The steam dragon closely misses you.
You barely miss the steam dragon.
The steam dragon is moderately wounded.
The steam dragon bites you but does no damage.
The steam dragon claws you.
* * * LOW HITPOINT WARNING * * *
The steam dragon breathes steam at you. The ball of steam hits you!
You die...

#...#..........
#...#.......... #
#...#..?.......
.##..!#..........
.'...+...§......
###...#...D......
#...K......).....
#..D##+#?#.D...
#.##§@<#.# ...
#......#.# .
#.#....#.#
#......#.#
###...##.# +....
.# #...# #####


You could see a steam dragon and a kobold.

Vanquished Creatures
  A gnoll (D:1)
  4 adders
  An ooze (D:2)
  A worm (D:2)
  4 leopard geckos
  3 giant cockroaches
  11 goblins
  4 hobgoblins
  8 jackals (D:1)
  A quokka (D:2)
  5 bats
  6 frilled lizards
  6 kobolds
  3 rats
58 creatures vanquished.

Vanquished Creatures (others)
  A goblin (D:3)
1 creature vanquished.

Grand Total: 59 creatures vanquished

Notes
Turn   | Place    | Note
-------+----------+-------------------------------------------
     0 | Abyss:1  | Borgoz the Hill Orc Abyssal Knight began the quest for the Orb.
     0 | Abyss:1  | Reached XP level 1. HP: 19/19 MP: 2/2
   117 | Abyss:2  | Noticed a neqoxec
   120 | Abyss:2  | Noticed a small abomination
   120 | Abyss:2  | Gained mutation: You are dopey. (Int -2) [a neqoxec]
   122 | D:1      | Escaped the Abyss
   218 | D:1      | Reached skill level 1 in Dodging
   218 | D:1      | Reached XP level 2. HP: 15/26 MP: 3/3
   415 | D:1      | Reached * piety under Lugonu
   675 | D:1      | Reached XP level 3. HP: 15/33 MP: 4/4
  1485 | D:2      | Reached XP level 4. HP: 30/40 MP: 5/5
  1903 | D:2      | Reached ** piety under Lugonu
  2732 | D:3      | Noticed Borgoz's ghost (amateur HOAK)
  2850 | D:3      | Noticed a steam dragon
  3042 | D:3      | Killed from afar by a steam dragon

Vault maps used:
D:1:      dpeg_arrival_short_road
D:2:      first_ration
D:3:      minmay_tree_intersection
Abyss:2:  guppyfry_abyss_exit_glass_guarded

Skill      XL: |  1  2  3 |
---------------+----------+-----
Axes           | 3 4 |  4.6
Dodging        | 1 |  1.4
Fighting       | 4 |  4.4
Armour         | 3 |  3.2
Invocations    | |  2.5

Action                   |  1- 3 |  4- 6 || total
-------------------------+-------+-------++-------
Melee: Hand axe          |   106 |    96 ||   202
Invok: Depart the Abyss  |     1 |       ||     1
  Use: Scroll            |     3 |     1 ||     4
       Potion            |       |     2 ||     2
  Eat: Chunk             |     2 |     5 ||     7
Armor: Leather armour    |    28 |    28 ||    56
Dodge: Dodged            |    80 |    75 ||   155

Table legend:
 A = Spawn XP
 B = Non-spawn XP
 C = Spawn XP percentage of total XP
 D = Spawn monster count
 E = Non-spawn monster count
 F = Spawn count percentage of total count
 G = Total turns spent on level
                    A         B        C        D         E        F      G
               +---------+---------+-------+---------+---------+-------+---------
         Total |       0 |     161 |   0.0 |       0 |      58 |   0.0 |  3042
               +---------+---------+-------+---------+---------+-------+---------
           D:1 |       0 |      70 |   0.0 |       0 |      32 |   0.0 |  1292
           D:2 |       0 |      72 |   0.0 |       0 |      21 |   0.0 |  1503
           D:3 |       0 |      19 |   0.0 |       0 |       5 |   0.0 |   125
               +---------+---------+-------+---------+---------+-------+---------
